 Dungeon Crawl Stone Soup version 0.27-a0-287-gd4424db430 (webtiles) character file.

Game seed: 14935984492810431688

29484 snetch the Impaler (level 13, -5/178 HPs)
             Began as a Minotaur Berserker on Feb 5, 2021.
             Was an Elder of Trog.
             Slain by a boulder beetle (17 damage)
             ... on level 12 of the Dungeon on Feb 8, 2021.
             The game lasted 01:06:31 (14880 turns).

snetch the Impaler (Minotaur Berserker)            Turns: 14880, Time: 01:06:32

Health: -5/178     AC: 20    Str: 27    XL:     13   Next: 15%
Magic:  0/12       EV: 10    Int:  4    God:    Trog [****..]
Gold:   398        SH:  0    Dex: 10    Spells: 12/12 levels left

rFire    + . .     SeeInvis .   b - +6 war axe
rCold    + + .     Faith    .   (no shield)
rNeg     . . .     Spirit   +   S - +3 plate armour
rPois    .         Reflect  .   g - +0 hat
rElec    +         Harm     .   K - scarf {rC+ rF+}
rCorr    .         Rampage  .   (no gloves)
Will     ++...                  y - +0 pair of boots
Stlth    ..........             c - amulet of guardian spirit
HPRegen  1.39/turn              J - +4 ring of slaying
MPRegen  0.13/turn              M - ring of Dogma {*Contam +Fly rElec rC+}

@: berserking (expiring), regenerating, very quick
A: retaliatory headbutt, horns 2
a: Renounce Religion, Evoke Flight, Berserk, Trog's Hand, Brothers in Arms


You were on level 12 of the Dungeon.
You worshipped Trog.
Trog was greatly pleased with you.
You visited 2 branches of the dungeon, and saw 13 of its levels.
You also visited: Sewer and Gauntlet.

You collected 790 gold pieces.
You spent 392 gold pieces at shops.

Inventory:

Hand Weapons
 a - a +2 glaive of flaming
 b - a +6 war axe (weapon)
 U - a +4 quarterstaff of chaos
Missiles
 q - 45 poisoned darts (quivered)
 x - 10 boomerangs
 C - 14 curare-tipped darts
 O - 2 atropa-tipped darts
 Q - a throwing net
 V - 19 javelins
Armour
 g - a +0 hat (worn)
 y - a +0 pair of boots (worn)
 K - a scarf of resistance (worn)
 S - a +3 plate armour (worn)
 W - a +0 buckler
Jewellery
 c - an amulet of guardian spirit (around neck)
 l - the ring "Middan" {rPois rC+ Int+6}
   (You found it in a Gauntlet)

   [ring of intelligence]

   It affects your intelligence (+6).
   It protects you from cold.
   It protects you from poison.
 J - a +4 ring of slaying (left hand)
 M - the ring of Dogma (right hand) {*Contam +Fly rElec rC+}
   (You found it in a Gauntlet)

   [ring of protection from cold]

   It protects you from cold.
   It insulates you from electricity.
   It lets you fly.
   It causes magical contamination when unequipped.
 R - a +6 ring of strength
 T - an uncursed ring of positive energy
Wands
 j - a wand of digging (8)
 m - a wand of acid (24)
 v - a wand of charming (11)
 F - a wand of iceblast (9)
 H - a wand of polymorph (9)
Scrolls
 e - 2 scrolls of remove curse
 i - a scroll of magic mapping
 k - 6 scrolls of immolation {unknown}
 n - 10 scrolls of teleportation
 p - 3 scrolls of fog
 t - a scroll of enchant weapon {unknown}
 w - 3 scrolls of enchant armour
 L - a scroll of brand weapon {unknown}
 P - 3 scrolls of fear {unknown}
 Y - a scroll of blinking {unknown}
 Z - a scroll of vulnerability
Potions
 d - 3 potions of invisibility
 f - 5 potions of heal wounds {unknown}
 h - 4 potions of haste
 o - 7 potions of curing
 s - a potion of lignification
 u - a potion of cancellation
 z - 7 potions of flight {unknown}
 A - a potion of ambrosia
 B - 2 potions of might
 D - a potion of resistance
 G - a potion of brilliance {unknown}
 I - 2 potions of mutation
Miscellaneous
 r - a phantom mirror


   Skills:
 + Level 12.4 Fighting
 + Level 10.8(14.4) Axes
 + Level 15.6(16.7) Polearms
 + Level 1.4 Throwing
 + Level 12.6 Armour
 + Level 5.3 Dodging
 + Level 2.3 Stealth


You had 12 spell levels left.
You didn't know any spells.
Your spell library was empty.

Dungeon Overview and Level Annotations

Branches:
Dungeon (12/15)            Temple (1/1) D:4            Lair (0/6) D:9
    Orc (0/2) D:9           Sewer (visited)         Gauntlet (visited)

Altars:
Ashenzari
Cheibriados
Dithmenos
Elyvilon
Fedhas
Gozag
Hepliaklqana
Kikubaaqudgha
Makhleb
Nemelex Xobeh
Okawaru
Qazlal
Ru
Sif Muna
Trog
Uskayaw
Vehumet
Wu Jian
Xom
Yredelemnul
Zin
The Shining One
Beogh

Shops:
D:5 *   D:7 *[?*   D:8 :(   D:9 (

Annotations:
D:5 yaks behind stone glass


Innate Abilities, Weirdness & Mutations

You reflexively headbutt those who attack you in melee.
You have a pair of horns on your head.


Message History

The boulder beetle is heavily wounded.
Unknown command.
You hit the boulder beetle.
The boulder beetle is severely wounded.
The deep elf archer blinks!
The boulder beetle bites you but does no damage.
Unknown command.
You slash the boulder beetle!
You headbutt the boulder beetle, but do no damage.
The boulder beetle is severely wounded.
Unknown command.
You slash the boulder beetle!
You headbutt the boulder beetle, but do no damage.
The boulder beetle is almost dead.
The deep elf archer unwields a +0 dagger.
The deep elf archer wields a +0 longbow.
The deep elf archer shoots an arrow.
The arrow hits you!
* * * LOW HITPOINT WARNING * * *
The boulder beetle bites you!!
You die...

#...... #.. #......
.#(. #.....#####...
#...?.#....(#
#.....+..$(.#
###.....#.e...#
#.......#.(...###
#.......#).......
#....รท..@B.......
##......#).......
#......#........
#......#........
#......#......$.
#......#......^#
#####......#.......#
#..........#.......
....# #..........#
....#


You could see a boulder beetle and a deep elf archer (repels missiles).

Vanquished Creatures
  A minotaur (Gauntlet)
  Snorg (D:10)
  A hydra (D:12)
  A boulder beetle (D:12)
  Harold (D:11)
  4 centaur warriors (D:12)
  A tengu warrior (D:12)
  2 death yaks (D:8)
  2 two-headed ogres
  Urug (D:11)
  Sonja (D:10)
  4 skeletal warriors (D:12)
  3 sixfirhies (Gauntlet)
  2 unseen horrors
  A deep elf archer (D:10)
  A moth of wrath (Gauntlet)
  A cyclops (D:10)
  2 gargoyles
  A kobold demonologist (D:11)
  A freezing wraith (D:12)
  A tengu conjurer (D:10)
  4 trolls
  A hornet (D:10)
  6 slime creatures (D:12)
  The ghost of SkiChan the Covered, an amateur GrFi (D:4)
  A shadow (D:11)
  2 wraiths
  Grum (D:11)
  2 soldier ants
  Duvessa (D:7)
  9 orc warriors
  2 ice beasts
  11 ogres
  2 necrophages
  5 sky beasts
  8 centaurs
  5 wolves
  2 phantoms (D:5)
  4 kobold brigands
  6 bullfrogs
  Dowan (D:7)
  4 scorpions
  A hornet simulacrum (Gauntlet)
  A water moccasin skeleton (D:7)
  9 wights
  9 killer bees
  4 howler monkeys
  A bullfrog zombie (D:6)
  3 jellies
  4 orc priests
  6 hounds
  4 centaur skeletons
  4 bullfrog skeletons
  Crazy Yiuf (D:7)
  3 iguanas
  9 orc wizards
  11 worker ants
  A hell rat (D:9)
  2 bullfrog simulacra (Gauntlet)
  A human simulacrum (D:11)
  2 hound zombies
  A hound skeleton (D:4)
  3 gnolls (D:8)
  14 adders
  4 river rats
  2 shadow imps
  3 white imps
  2 ufetubi
  3 oozes
  2 adder zombies
  4 worms
  A dart slug (D:2)
  13 leopard geckos
  47 orcs
  6 ball pythons
  8 bats
  9 giant cockroaches
  15 goblins
  9 hobgoblins
  4 jackals (D:4)
  5 quokkas
  10 frilled lizards
  2 jackal skeletons
  11 kobolds
  A leopard gecko skeleton (D:5)
  A quokka skeleton (D:6)
  16 rats
383 creatures vanquished.

Vanquished Creatures (collateral kills)
  A death knight (D:11)
  A death yak (D:9)
  A phantasmal warrior (D:11)
  A wyvern skeleton (D:9)
  A killer bee zombie (D:9)
  3 river rats (D:9)
  A rat (D:9)
9 creatures vanquished.

Vanquished Creatures (others)
  A human simulacrum (D:11)
  2 plants (D:4)
  19 withered plants (Gauntlet)
22 creatures vanquished.

Grand Total: 414 creatures vanquished

Notes
Turn   | Place    | Note
-------+----------+-------------------------------------------
     0 | D:1      | snetch the Minotaur Berserker began the quest for the Orb.
     0 | D:1      | Reached XP level 1. HP: 19/19 MP: 0/0
    60 | D:2      | Reached XP level 2. HP: 27/27 MP: 1/1
   351 | D:1      | Reached XP level 3. HP: 34/34 MP: 2/2
  1030 | D:3      | Reached ** piety under Trog
  1081 | D:4      | Reached XP level 4. HP: 4/41 MP: 3/3
  1108 | D:4      | Reached skill level 5 in Axes
  1109 | D:4      | Reached XP level 5. HP: 16/47 MP: 4/4
  1164 | D:4      | Reached skill level 5 in Fighting
  1205 | D:4      | Found a glowing drain.
  1226 | Sewer    | Entered a sewer
  1577 | Sewer    | Reached XP level 6. HP: 35/56 MP: 5/5
  2232 | D:2      | Found a faded altar of an unknown god.
  2282 | D:2      | Found a basalt altar of Yredelemnul.
  2287 | D:2      | Reached *** piety under Trog
  2491 | D:2      | Found a sacrificial altar of Ru.
  3062 | D:4      | Found a stormy altar of Qazlal.
  3124 | D:5      | Entered Level 5 of the Dungeon
  3221 | D:4      | Found a staircase to the Ecumenical Temple.
  3230 | Temple   | Entered the Ecumenical Temple
  3352 | D:4      | Found a runed translucent gate.
  3356 | D:4      | Found a runed translucent gate.
  3356 | D:4      | Found a runed translucent gate.
  3357 | D:4      | Noticed SkiChan's ghost (amateur GrFi)
  3367 | D:4      | Killed SkiChan's ghost
  3368 | D:4      | Reached XP level 7. HP: 62/62 MP: 2/6
  3379 | D:4      | Reached skill level 5 in Armour
  3593 | D:4      | Got a twisted leather armour
  3715 | D:4      | Found a broken altar of Ashenzari.
  3750 | D:4      | Identified the +1 leather armour of the Doomed Lobster
                  | {*Contam rPois Str+5 Slay+2} (You found it on level 4 of
                  | the Dungeon)
  3871 | D:5      | Reached XP level 8. HP: 63/70 MP: 5/7
  4108 | D:5      | Reached **** piety under Trog
  4415 | D:5      | Found an opulent altar of Gozag.
  4417 | D:5      | Found Gozag's Platinum Reserve.
  5023 | D:6      | Reached skill level 1 in Stealth
  5045 | D:7      | Reached skill level 10 in Axes
  5052 | D:7      | Reached XP level 9. HP: 64/79 MP: 4/8
  5380 | D:5      | Found a shimmering altar of Xom.
  5381 | D:5      | Found a hazy altar of Hepliaklqana.
  5382 | D:5      | Noticed a spectral ugly thing
  5524 | D:7      | Found Nienaefi's General Store.
  5524 | D:7      | Noticed Duvessa
  5524 | D:7      | Noticed Dowan
  5524 | D:7      | Noticed a gargoyle
  5704 | D:6      | Reached skill level 1 in Polearms
  5864 | D:7      | Reached skill level 2 in Polearms
  5903 | D:7      | Killed Duvessa
  5904 | D:7      | Killed Dowan
  5905 | D:7      | Reached skill level 3 in Polearms
  5910 | D:7      | Killed a gargoyle
  5911 | D:7      | Reached skill level 4 in Polearms
  5911 | D:7      | Reached skill level 5 in Dodging
  5967 | D:7      | Bought a scroll of identify for 32 gold pieces
  6018 | D:8      | Reached skill level 5 in Polearms
  6528 | D:7      | Found Ofuc Pobitt's Assorted Antiques.
  6546 | D:7      | Bought an orange potion for 22 gold pieces
  6546 | D:7      | Bought 2 sedimented golden potions for 45 gold pieces
  6546 | D:7      | Bought a scroll labelled PYHOSS POBANK for 25 gold pieces
  6546 | D:7      | Bought a scroll labelled ADDY PIHEDUCS for 25 gold pieces
  6546 | D:7      | Bought a glowing agate ring for 125 gold pieces
  6549 | D:7      | Bought an orange potion for 22 gold pieces
  6608 | D:7      | Found a runed translucent door.
  6609 | D:7      | Noticed Crazy Yiuf
  6615 | D:7      | Killed Crazy Yiuf
  6671 | D:7      | Found Ysee's Antique Armour Boutique.
  6701 | D:7      | Found Cefetrua's Magic Scroll Boutique.
  6714 | D:7      | Bought a scroll of identify for 32 gold pieces
  6718 | D:7      | Bought a scroll of identify for 32 gold pieces
  6718 | D:7      | Bought a scroll of identify for 32 gold pieces
  6902 | D:8      | Reached skill level 6 in Polearms
  7075 | D:8      | Reached ***** piety under Trog
  7174 | D:8      | Found Eboschoc's Book Boutique.
  7195 | D:8      | Found Jisom's Antique Weapon Boutique.
  7256 | D:8      | Reached skill level 7 in Polearms
  7307 | D:8      | Found a snail-covered altar of Cheibriados.
  7310 | D:8      | Reached XP level 10. HP: 90/90 MP: 9/9
  7315 | D:8      | Found a blossoming altar of Fedhas.
  7320 | D:8      | Found a shimmering blue altar of Sif Muna.
  7462 | D:9      | Found a staircase to the Lair.
  7462 | D:9      | Noticed a death yak
  7462 | D:9      | Noticed a death yak
  7462 | D:9      | Noticed a death yak
  7470 | D:8      | Killed a death yak
  7471 | D:8      | Reached skill level 8 in Polearms
  7475 | D:8      | Killed a death yak
  7476 | D:8      | Reached skill level 9 in Polearms
  7663 | D:9      | Killed a death yak
  7994 | D:9      | Reached skill level 10 in Polearms
  8544 | D:9      | Found Fankup's Weapon Emporium.
  8685 | D:9      | Found a roughly hewn altar of Beogh.
  8685 | D:9      | Found a staircase to the Orcish Mines.
  8983 | D:10     | Entered Level 10 of the Dungeon
  9031 | D:10     | Noticed Sonja
  9199 | D:10     | Killed Sonja
  9200 | D:10     | Reached skill level 11 in Polearms
  9200 | D:10     | Reached XP level 11. HP: 24/99 MP: 5/10
  9965 | D:10     | Found a large runed translucent door.
  9965 | D:10     | Found a large runed translucent door.
 10140 | D:10     | Reached skill level 12 in Polearms
 10142 | D:10     | Reached skill level 10 in Fighting
 10417 | D:11     | Noticed Harold
 10424 | D:11     | Killed Harold
 10466 | D:11     | Found a gate leading to a gauntlet.
 10485 | Gauntlet | Entered a Gauntlet
 10485 | Gauntlet | Found a transporter.
 10485 | Gauntlet | Found a transporter.
 10489 | Gauntlet | Found a transporter.
 10489 | Gauntlet | Found a transporter.
 10502 | Gauntlet | Found a transporter.
 10511 | Gauntlet | Found a transporter.
 10517 | Gauntlet | Noticed a sixfirhy
 10519 | Gauntlet | Noticed a sixfirhy
 10520 | Gauntlet | Noticed a thrashing horror
 10521 | Gauntlet | Found a transporter.
 10521 | Gauntlet | Found a transporter.
 10525 | Gauntlet | Found a transporter.
 10530 | Gauntlet | Noticed a sixfirhy
 10552 | Gauntlet | Found a transporter.
 10559 | Gauntlet | Found a transporter.
 10579 | Gauntlet | Found a transporter.
 10613 | Gauntlet | Found a transporter.
 10629 | Gauntlet | Found a transporter.
 10729 | Gauntlet | Found a transporter.
 10731 | Gauntlet | Noticed a death ooze
 10745 | Gauntlet | Found a transporter.
 10840 | Gauntlet | Received a gift from Trog
 10859 | Gauntlet | Got a fine wooden ring
 10934 | Gauntlet | Killed a sixfirhy
 10938 | Gauntlet | Killed a sixfirhy
 10939 | Gauntlet | Reached skill level 13 in Polearms
 10939 | Gauntlet | Reached skill level 10 in Armour
 10941 | Gauntlet | Killed a sixfirhy
 10953 | Gauntlet | Got a fine bone ring
 11061 | Gauntlet | Noticed a minotaur
 11069 | Gauntlet | Killed a minotaur
 11281 | D:11     | Identified the ring "Middan" {rPois rC+ Int+6} (You found
                  | it in a Gauntlet)
 11283 | D:11     | Identified the ring of Dogma {*Contam +Fly rElec rC+} (You
                  | found it in a Gauntlet)
 11296 | D:11     | Killed an unseen horror
 11544 | D:10     | Noticed Snorg
 11553 | D:10     | Killed Snorg
 11554 | D:10     | Reached XP level 12. HP: 61/110 MP: 6/11
 12408 | D:10     | Found an ancient bone altar of Kikubaaqudgha.
 12419 | D:10     | Paralysed by a hornet for 2 turns
 12428 | D:10     | Found a stormy altar of Qazlal.
 12584 | D:11     | Reached skill level 14 in Polearms
 12671 | D:11     | Upgraded the game from 0.27-a0-277-g024f7ef292 to
                  | 0.27-a0-287-gd4424db430
 12830 | D:11     | Noticed a two-headed ogre
 12838 | D:11     | Killed a two-headed ogre
 12990 | D:11     | Noticed Grum
 13008 | D:11     | Killed Grum
 13123 | D:11     | Noticed Urug
 13142 | D:11     | Killed Urug
 13143 | D:11     | Reached skill level 1 in Throwing
 13515 | D:12     | Noticed a death knight
 13522 | D:11     | Killed a death knight
 14016 | D:12     | Reached skill level 15 in Polearms
 14489 | D:12     | Noticed a five-headed hydra
 14497 | D:12     | Killed a four-headed hydra
 14814 | D:12     | Noticed a tengu warrior
 14814 | D:12     | Noticed a boulder beetle
 14824 | D:12     | Killed a tengu warrior
 14831 | D:12     | Noticed a centaur warrior
 14833 | D:12     | Noticed a boulder beetle
 14835 | D:12     | Noticed a centaur warrior
 14836 | D:12     | Noticed a centaur warrior
 14836 | D:12     | Noticed a centaur warrior
 14840 | D:12     | Noticed a two-headed ogre
 14852 | D:12     | Killed a centaur warrior
 14855 | D:12     | Killed a centaur warrior
 14856 | D:12     | Killed a centaur warrior
 14857 | D:12     | Reached XP level 13. HP: 33/118 MP: 1/12
 14880 | D:12     | Slain by a boulder beetle

Illustrated notes

Levels and vault maps discovered:
D:1:      scummos_arrival_forest, layout_basic, minmay_stone_trees_small
D:2:      layout_loops_ring, lemuel_round_altar, nicolae_overflow_hidden_temple,
          chequers_ecumenical_altar_simple_redux
D:3:      layout_basic
D:4:      layout_gridville, grunt_temple_overflow_open, temple_hall,
          gammafunk_ghost_nasty_kobolds, portal_sewer_entry_c, st_stairs_1,
          minmay_ogre_servants
D:5:      layout_basic, regret_index_temple_of_mockery,
          nicolae_gozag_zags_fifth_avenue
D:6:      cheibrodos_helix_gallery, layout_basic
D:7:      layout_cave_pools, serial_shops, nicolae_shop_trees, shop_statue,
          nicolae_shop_behind_doors, shop, uniq_duvessa, uniq_crazy_yiuf_cottage
D:8:      layout_rooms, minmay_overflow_temple_star_quad, serial_shops, shop,
          shop_statue
D:9:      layout_basic, dpeg_lair_monsters, david_orc_5, serial_shops, shop
D:10:     layout_irregular_city, jmf_multi_god_temple2, uniq_snorg, uniq_sonja
D:11:     layout_roguey, gauntlet_entry_generic, dk_vineyard_1,
          bh_circular_ruins, uniq_urug, uniq_grum, uniq_harold
D:12:     layout_irregular_city, st_stairs_6, minivault_28
Temple:   minmay_temple_bridge_abc

Skill      XL: |  1  2  3  4  5  6  7  8  9 10 11 12 |
---------------+-------------------------------------+-----
Fighting       | 4 5 6 7 8 9 11 12 | 12.4
Axes           | 4 5 6 7 8 10 | 10.8
Armour         | 3 4 5 6 7 9 10 12 | 12.6
Dodging        | 3 4 5 |  5.3
Stealth        | 1 2 |  2.3
Polearms       | 7 11 13 15 | 15.6
Throwing       | 1 |  1.4

Action                   |  1- 3 |  4- 6 |  7- 9 | 10-12 | 13-15 || total
-------------------------+-------+-------+-------+-------+-------++-------
Melee: Hand axe          |    67 |   170 |    98 |       |       ||   335
       Headbutt          |    15 |    28 |    39 |    81 |    11 ||   174
       Glaive            |       |       |   106 |   403 |       ||   509
       War axe           |       |       |       |    13 |    22 ||    35
Throw: Dart              |       |       |       |    13 |       ||    13
Invok: Berserk           |     1 |     2 |     2 |    10 |       ||    15
       Trog's Hand       |       |     5 |     1 |    11 |       ||    17
       Brothers in Arms  |       |       |       |     5 |       ||     5
  Use: Scroll            |       |     2 |     8 |     8 |       ||    18
       Potion            |       |     1 |       |       |       ||     1
 Stab: Sleeping          |       |       |     3 |       |       ||     3
Armor: Animal skin       |     5 |       |       |       |       ||     5
       Ring mail         |     9 |    51 |     9 |       |       ||    69
       Leather armour    |       |       |    23 |       |       ||    23
       Plate armour      |       |       |    26 |   338 |    10 ||   374
Dodge: Dodged            |    30 |   111 |   110 |   246 |     4 ||   501

Table legend: (Time is in decaauts)
 A = Elapsed time spent in this place.
 B = Non-inter-level travel time spent in this place.
 C = Inter-level travel time spent in this place.
 D = Time resting spent in this place.
 E = Time spent auto-exploring this place.
 F = Levels seen in this place.
 G = Mean time per level.
                   A        B        C        D        E       F      G
               +--------+--------+--------+--------+--------+-----+--------+
         Total |  15161 |  14435 |    726 |    927 |   9409 |  15 | 1010.7 |
       Dungeon |  13727 |  13009 |    718 |    906 |   8609 |  12 | 1143.9 |
        Temple |    104 |     96 |      8 |      0 |     16 |   1 |  104.0 |
         Sewer |    546 |    546 |      0 |      0 |    344 |   1 |  546.0 |
      Gauntlet |    781 |    781 |      0 |     21 |    439 |   1 |  781.0 |
               +--------+--------+--------+--------+--------+-----+--------+

Top non-repeatable levels by time:
    D:10: 2102 daAuts
     D:9: 1635 daAuts
     D:5: 1374 daAuts
    D:11: 1349 daAuts
     D:8: 1196 daAuts
     D:4: 1104 daAuts
    D:12: 1080 daAuts
     D:1: 965 daAuts
     D:6: 836 daAuts
Gauntlet: 781 daAuts
     D:2: 779 daAuts
     D:7: 723 daAuts
     D:3: 580 daAuts
   Sewer: 546 daAuts
  Temple: 104 daAuts
